 Dungeon Crawl Stone Soup version 0.27-a0-789-g6bb3289e1e (webtiles) character file.

Game seed: 18271236803383962093

147 robertstho the Shooter (level 5, -10/45 HPs)
             Began as a Minotaur Hunter on Mar 26, 2021.
             Splashed by a jelly's acid (11 damage)
             ... on level 2 of the Dungeon.
             The game lasted 00:02:21 (2080 turns).

robertstho the Shooter (Minotaur Hunter)            Turns: 2080, Time: 00:02:22

Health: -10/45     AC: -4    Str: 17    XL:     5   Next: 7%
Magic:  4/4        EV: 12    Int:  8    God:
Gold:   79         SH:  0    Dex: 11    Spells: 4/4 levels left

rFire    . . .     SeeInvis .   b - +0 short sword
rCold    . . .     Faith    .   (no shield)
rNeg     . . .     Spirit   .   c - +0 leather armour
rPois    .         Reflect  .   (helmet restricted)
rElec    .         Harm     .   e - scarf {+Inv}
rCorr    .         Rampage  .   (no gloves)
Will     .....                  (no boots)
Stlth    +.........             (no amulet)
HPRegen  0.15/turn              (no ring)
MPRegen  0.09/turn              (no ring)

@: corroded
A: horns 2, retaliatory headbutt
a: Evoke Invisibility


You were on level 2 of the Dungeon.
You visited 1 branch of the dungeon, and saw 2 of its levels.

You collected 79 gold pieces.

Inventory:

Hand Weapons
 a - a +1 shortbow
 b - a +0 short sword (weapon)
Missiles
 k - 39 arrows
Armour
 c - a +0 leather armour (worn)
 e - a scarf of invisibility (worn)
Wands
 d - a wand of digging (1)
Scrolls
 f - a scroll of immolation {unknown}
 g - a scroll of noise {unknown}
 h - a scroll of fog
 i - a scroll of identify
 j - a scroll of fear {unknown}
 n - a scroll of teleportation {unknown}
Potions
 m - a potion of invisibility


   Skills:
 * Level 3.4 Fighting
 + Level 0.1 Short Blades
 * Level 6.3 Bows
 * Level 1.6 Armour
 + Level 2.3 Dodging
 - Level 0.7 Stealth


You had 4 spell levels left.
You didn't know any spells.
Your spell library was empty.

Dungeon Overview and Level Annotations

Branches:
Dungeon (2/15)

Altars:
Zin


Innate Abilities, Weirdness & Mutations

You have a pair of horns on your head.
You reflexively headbutt those who attack you in melee.


Message History

Your headbutt misses the kobold.
The kobold is severely wounded.
The kobold hits you with a +0 whip.
You hit the kobold.
You kill the kobold!
You hit the jelly.
Your hands burn!
The jelly is moderately wounded.
The jelly closely misses you.
You hit the jelly. The acid corrodes you!
Your hands burn!
The jelly is moderately wounded.
The jelly hits you.
You are splashed with acid.
The jelly hits you.
You are splashed with acid!
* * * LOW HITPOINT WARNING * * *
You are too injured to fight recklessly!
You are too injured to fight recklessly!
You are too injured to fight recklessly!
You are too injured to fight recklessly!
You are too injured to fight recklessly!
You are too injured to fight recklessly!
There are monsters nearby!
Unknown command.
There is an open door here.
As you read the scroll labelled KITO ANEHAKET, it crumbles to dust.
The scroll dissolves into smoke.
It was a scroll of fog.
The jelly hits you.
* * * LOW HITPOINT WARNING * * *
The acid corrodes you!
You are splashed with acid!
* * * LOW HITPOINT WARNING * * *
The endoplasm jiggles.
There is an open gate here.
You feel better. The jelly hits you.
* * * LOW HITPOINT WARNING * * *
You are splashed with acid.
* * * LOW HITPOINT WARNING * * *
As you read the scroll labelled GOAFOPT CAHURA, it crumbles to dust.
It is a scroll of identify.
m - a potion of invisibility The jelly hits you.
* * * LOW HITPOINT WARNING * * *
You are splashed with acid!
You die...

#...##......# # ### #...#######.#
# ##.####### ##...#######.# #
#.#J#....###............# #
#.#.#§§§.§##)#..#######.#### #
#J#'#§§§§§.)....)..).......######
#)#.§§§§.§.'..##J######.##.......
#.#.§§§§§§.'.###J# #.#########
#.#§..§§§§##.# #@# #.#
'##...§§.##### #.# #.# # ########
#.# #.# ..? ..# #.# ### #.# #.#
#.#


You could see a jelly and an endoplasm.

Vanquished Creatures
  Natasha (thrice) (D:2)
  2 adders (D:2)
  A dart slug (D:2)
  An orc (D:2)
  A bat (D:2)
  5 endoplasms
  A giant cockroach (D:1)
  2 goblins (D:2)
  5 hobgoblins
  3 jackals (D:2)
  12 kobolds
  5 quokkas
  3 ball pythons (D:2)
  A frilled lizard (D:2)
  2 rats
47 creatures vanquished.

Vanquished Creatures (others)
  4 fungi (D:2)
  8 toadstools (D:2)
12 creatures vanquished.

Grand Total: 59 creatures vanquished

Notes
Turn   | Place    | Note
-------+----------+-------------------------------------------
     0 | D:1      | robertstho the Minotaur Hunter began the quest for the Orb.
     0 | D:1      | Reached XP level 1. HP: 18/18 MP: 0/0
   534 | D:1      | Reached skill level 1 in Armour
   534 | D:1      | Reached XP level 2. HP: 22/25 MP: 1/1
  1185 | D:1      | Reached skill level 5 in Bows
  1351 | D:2      | Reached XP level 3. HP: 30/30 MP: 2/2
  1374 | D:2      | Noticed Natasha
  1383 | D:2      | Killed Natasha
  1386 | D:2      | Reached XP level 4. HP: 23/38 MP: 3/3
  1405 | D:2      | Noticed Natasha
  1421 | D:2      | Killed Natasha
  1775 | D:2      | Found a glowing silver altar of Zin.
  1785 | D:2      | Reached skill level 6 in Bows
  1811 | D:2      | Noticed Natasha
  1819 | D:2      | Killed Natasha
  1857 | D:2      | Reached XP level 5. HP: 45/45 MP: 4/4
  2066 | D:2      | HP: 2/45 [acid (9)]
  2080 | D:2      | HP: 1/45 [jelly (2)]
  2080 | D:2      | Splashed by a jelly's acid

Illustrated notes

Levels and vault maps discovered:
D:1:      amcnicky_arrival_feature_with_door, layout_basic, minmay_tetromino_i2
D:2:      cheibrodos_fertilizer, layout_loops_ring,
          nicolae_overflow_crystal_walls, uniq_crazy_yiuf_cottage, uniq_natasha

Skill      XL: |  1  2  3  4 |
---------------+-------------+-----
Armour         | 1 |  1.6
Bows           | 5 6 |  6.3
Fighting       | 3 |  3.4
Short Blades   | |  0.1
Dodging        | |  2.3
Stealth        | |  0.7

Action                   |  1- 3 |  4- 6 || total
-------------------------+-------+-------++-------
Melee: Short sword       |       |    24 ||    24
       Headbutt          |       |     2 ||     2
 Fire: Shortbow          |    75 |    34 ||   109
  Use: Potion            |       |     3 ||     3
       Scroll            |       |     2 ||     2
Armor: Leather armour    |     4 |     9 ||    13
Dodge: Dodged            |    19 |    20 ||    39

Table legend: (Time is in decaauts)
 A = Elapsed time spent in this place.
 B = Non-inter-level travel time spent in this place.
 C = Inter-level travel time spent in this place.
 D = Time resting spent in this place.
 E = Time spent auto-exploring this place.
 F = Levels seen in this place.
 G = Mean time per level.
                   A        B        C        D        E       F      G
               +--------+--------+--------+--------+--------+-----+--------+
         Total |   2089 |   2008 |     81 |      0 |   1697 |   2 | 1044.5 |
       Dungeon |   2089 |   2008 |     81 |      0 |   1697 |   2 | 1044.5 |
               +--------+--------+--------+--------+--------+-----+--------+

Top non-repeatable levels by time:
     D:1: 1222 daAuts
     D:2: 867 daAuts
